 Dungeon Crawl Stone Soup version 0.28-a0-1493-g08698888e4 (webtiles) character file.

Game seed: 11244241628903003093

1643 HallandMoats the Skirmisher (level 8, 0/71 HPs)
             Began as a Ghoul Fighter on Jan 12, 2022.
             Was a Priest of Okawaru.
             Slain by a gnoll (4 damage)
             ... on level 6 of the Dungeon.
             The game lasted 00:07:48 (5876 turns).

HallandMoats the Skirmisher (Ghoul Fighter)         Turns: 5876, Time: 00:07:49

Health: 0/71       AC:  9    Str: 26    XL:     8   Next: 99%
Magic:  9/10       EV: 10    Int:  5    God:    Okawaru [***...]
Gold:   255        SH:  4    Dex:  8    Spells: 7/7 levels left

rFire   . . .      SeeInvis .   a - +3 long sword (elec)
rCold   + . .      Faith    .   c - +0 buckler
rNeg    + + +      Spirit   .   h - +0 scale mail
rPois   ∞          Reflect  .   k - +0 helmet
rElec   .          Harm     .   (no cloak)
rCorr   +          Rampage  .   (no gloves)
Will    .....                   r - +0 pair of boots
Stlth   ..........              (no amulet)
HPRegen 0.00/turn               l - ring of resist corrosion
MPRegen 0.12/turn               y - +6 ring of strength

@: lit by a corona, inhibited regen, glowing
A: claws 1, cold resistance 1, negative energy resistance 3, inhibited
regeneration, torment resistance 2
a: Renounce Religion, Heroism


You were on level 6 of the Dungeon.
You worshipped Okawaru.
Okawaru was most pleased with you.
You visited 1 branch of the dungeon, and saw 6 of its levels.

You collected 255 gold pieces.

Inventory:

Hand Weapons
 a - a +3 long sword of electrocution (weapon)
 b - a +2 dagger of electrocution
 t - a +7 double sword
Armour
 c - a +0 buckler (worn)
 h - a +0 scale mail (worn)
 k - a +0 helmet (worn)
 r - a +0 pair of boots (worn)
Jewellery
 l - a ring of resist corrosion (left claw)
 p - an amulet of faith
 w - a ring of magical power
 y - a +6 ring of strength (right claw)
Wands
 z - a wand of flame (4)
Scrolls
 e - 2 scrolls of enchant armour {unknown}
 i - a scroll of fog
 j - a scroll of teleportation {unknown}
 m - a scroll of identify {unknown}
 s - 2 scrolls of magic mapping {unknown}
 u - a scroll of enchant weapon {unknown}
 x - a scroll of vulnerability {unknown}
 A - a scroll of noise {unknown}
Potions
 f - a potion of lignification {unknown}
 g - a potion of haste {unknown}
 n - 3 potions of curing {unknown}
 o - a potion of brilliance {unknown}
 q - a potion of magic {unknown}
 v - a potion of might


   Skills:
 * Level 6.9 Fighting
 * Level 5.3 Long Blades
 + Level 4.4 Armour
 + Level 3.2 Dodging
 + Level 4.4 Shields
 * Level 4.0 Invocations


You had 7 spell levels left.
You didn't know any spells.
Your spell library contained the following spells:

 Spells                   Type           Power      Damage    Failure   Level
 Magic Dart               Conj           0%         1d3       83%         1
 Mephitic Cloud           Conj/Pois/Air  0%         N/A       99%         3
 Call Imp                 Summ           Unusable   N/A       N/A         2

Dungeon Overview and Level Annotations

Branches:
Dungeon (6/15)
 Temple: D:4-7

Altars:
Fedhas
Kikubaaqudgha
Okawaru
Yredelemnul
Zin
Beogh

Shops:
D:4 [

Annotations:
D:5 2 transporters, Pin's ghost, amateur DsAK


Innate Abilities, Weirdness & Mutations

You thrive by killing the living.
You are immune to poison.
You have sharp fingernails.
Your flesh is cold resistant. (rC+)
You are immune to negative energy. (rN+++)
You do not regenerate when monsters are visible.
You are immune to unholy pain and torment.


Message History

You slash the gnoll shaman!
The gnoll shaman is moderately wounded.
The centaur shoots an arrow.
The arrow hits you. The gnoll shaman closely misses you.
You hit the gnoll shaman.
The gnoll shaman is heavily wounded.
The gnoll barely misses you. The gnoll hits you with a +0 whip.
The gnoll shaman hits you but does no damage.
The gnoll barely misses you.
You slash the gnoll shaman!
The gnoll shaman is severely wounded.
The gnoll hits you but does no damage.
The gnoll shaman hits you with a +2 whip of pain.
The gnoll hits you from afar with a +0 spear.
You completely miss the gnoll shaman.
The gnoll shaman is severely wounded.
The gnoll hits you with a +0 whip.
* * * LOW HITPOINT WARNING * * *
The gnoll shaman calls upon its god to speed up the gnoll.
The gnoll seems to speed up.
The gnoll barely misses you.
You slash the gnoll shaman!
You kill the gnoll shaman!
Okawaru accepts your kill. You block the gnoll's attack.
The gnoll hits you from afar with a +0 spear!
* * * LOW HITPOINT WARNING * * *
Your Invocations skill increases to level 4!
As you read the scroll labelled JEUFIANAEM, it crumbles to dust.
It is a scroll of amnesia.
You feel forgetful for a moment.
The gnoll hits you from afar with a +0 spear.
* * * LOW HITPOINT WARNING * * *
The gnoll closely misses you. The gnoll barely misses you. x2
As you read the scroll labelled XEDWOF DOONG, it crumbles to dust.
The scroll dissolves into smoke.
It was a scroll of fog.
The gnoll hits you with a +0 whip.
* * * LOW HITPOINT WARNING * * *
The gnoll hits you from afar with a +0 spear.
You die...

#......##+#
#..........
#..........
#gg........
######.c........
#....gg.........
#.....######....
#.....#g§§.#####
#....cgg@§§.#
#)....#§§§§.#
#.....#§§§§.#
#.....'....##
#.....#######
#...........#
+...........#
#...........#######
######............#


You could see a centaur and 3 gnolls.

Vanquished Creatures
  A wraith (D:6)
  Menkaure (D:4)
  A water moccasin (D:6)
  A sky beast (D:5)
  A necrophage (D:3)
  An ogre (D:6)
  The ghost of ytrimaz the Covered, an amateur DsFi (D:4)
  3 phantoms
  A scorpion (D:3)
  A water moccasin zombie (D:5)
  A howler monkey (D:5)
  A centaur zombie (D:6)
  3 orc priests
  A gnoll shaman (D:6)
  5 hounds
  3 iguanas
  Robin (D:3)
  A gnoll (D:6)
  4 adders
  A shadow imp (D:3)
  2 worms (D:4)
  3 dart slugs
  11 orcs
  9 endoplasms
  2 giant cockroaches
  15 goblins
  8 hobgoblins
  6 jackals
  4 quokkas
  10 ball pythons
  2 bats (D:2)
  3 frilled lizards
  4 kobolds
  5 rats
117 creatures vanquished.

Notes
Turn   | Place    | Note
-------+----------+-------------------------------------------
     0 | D:1      | HallandMoats the Ghoul Fighter began the quest for the Orb.
     0 | D:1      | Reached XP level 1. HP: 19/19 MP: 0/0
   237 | D:1      | Reached XP level 2. HP: 26/26 MP: 1/1
   687 | D:1      | Reached XP level 3. HP: 33/33 MP: 2/2
  1248 | D:2      | Reached skill level 4 in Fighting
  1248 | D:2      | Reached XP level 4. HP: 38/40 MP: 3/3
  1264 | D:2      | Found an iron altar of Okawaru.
  1297 | D:2      | Became a worshipper of Warmaster Okawaru
  1802 | D:3      | Found an ancient bone altar of Kikubaaqudgha.
  2008 | D:3      | Reached skill level 1 in Dodging
  2088 | D:3      | Noticed Robin
  2125 | D:3      | Reached XP level 5. HP: 14/46 MP: 4/4
  2132 | D:3      | Killed Robin
  2621 | D:3      | Found a transporter.
  2623 | D:3      | Noticed a necrophage
  2624 | D:3      | Found a transporter.
  2632 | D:3      | Found a blossoming altar of Fedhas.
  2632 | D:3      | Found an iron altar of Okawaru.
  2632 | D:3      | Found a basalt altar of Yredelemnul.
  2685 | D:3      | Noticed a phantom
  2708 | D:3      | Killed a phantom
  2709 | D:3      | Reached XP level 6. HP: 18/55 MP: 5/5
  3138 | D:4      | Found a runed translucent gate.
  3138 | D:4      | Found a runed translucent gate.
  3141 | D:4      | Found a runed translucent gate.
  3142 | D:4      | Noticed ytrimaz's ghost (amateur DsFi)
  3197 | D:4      | Noticed Menkaure
  3217 | D:4      | Killed Menkaure
  3217 | D:4      | Reached * piety under Okawaru
  3218 | D:4      | Reached skill level 5 in Fighting
  3357 | D:4      | Found Idghit's Antique Armour Boutique.
  3376 | D:4      | Reached XP level 7. HP: 30/61 MP: 6/6
  3944 | D:4      | Killed ytrimaz's ghost
  3945 | D:4      | Reached skill level 1 in Invocations
  4132 | D:5      | Entered Level 5 of the Dungeon
  4217 | D:5      | Reached ** piety under Okawaru
  4218 | D:5      | Reached XP level 8. HP: 48/70 MP: 6/8
  4340 | D:5      | Reached skill level 6 in Fighting
  4748 | D:5      | Found a transporter.
  4748 | D:5      | Noticed Pin's ghost (amateur DsAK)
  4797 | D:5      | Found a transporter.
  5258 | D:6      | Reached skill level 5 in Long Blades
  5655 | D:6      | Reached *** piety under Okawaru
  5662 | D:6      | Noticed a wraith
  5670 | D:6      | Killed a wraith
  5876 | D:6      | Slain by a gnoll

Illustrated notes

Levels and vault maps discovered:
D:1:      psy_arrival_spokes, layout_loops_ring
D:2:      layout_loops_corners, basic_altar, hangedman_decor_points
D:3:      layout_rooms, mainiacjoe_overflow_small_starburst,
          gammafunk_temple_overflow_arena, uniq_robin
D:4:      minmay_recursive_quarters, layout_basic,
          nicolae_overflow_crystal_walls, serial_glass, glass_columns_b,
          glass_columns_a, serial_shops, shop, enter_ossuary_2,
          biasface_ghost_orc_armoury, minmay_circle_x, uniq_menkaure
D:5:      layout_loops_cross, serial_rivers, chequers_serial_rivers_small_b,
          chequers_serial_rivers_large_b, chequers_serial_rivers_small_3,
          chequers_serial_rivers_micro_e, chequers_serial_rivers_large_a,
          gammafunk_ghost_mausoleum
D:6:      layout_gridville, serial_shops, nicolae_stop_n_shop_2,
          hellmonk_ghost_happy_afterlife

Skill      XL: |  1  2  3  4  5  6  7  8 |
---------------+-------------------------+-----
Long Blades    | 2 3 4 5 |  5.3
Fighting       | 4 5 6 |  6.9
Armour         | 3 4 |  4.4
Shields        | 3 4 |  4.4
Dodging        | 1 2 3 |  3.2
Invocations    | 1 4 |  4.0

Action                   |  1- 3 |  4- 6 |  7- 9 || total
-------------------------+-------+-------+-------++-------
Melee: Long sword        |    57 |    27 |   150 ||   234
       Dagger            |     8 |   148 |       ||   156
  Use: Potion            |       |     1 |       ||     1
       Scroll            |       |       |     2 ||     2
Armor: Scale mail        |    18 |    77 |    79 ||   174
Dodge: Dodged            |    37 |    62 |    83 ||   182
Block: Buckler           |     7 |    28 |    37 ||    72

Table legend: (Time is in decaauts)
 A = Elapsed time spent in this place.
 B = Non-inter-level travel time spent in this place.
 C = Inter-level travel time spent in this place.
 D = Time resting spent in this place.
 E = Time spent auto-exploring this place.
 F = Levels seen in this place.
 G = Mean time per level.
                   A        B        C        D        E       F      G
               +--------+--------+--------+--------+--------+-----+--------+
         Total |   5979 |   5661 |    318 |    301 |   4383 |   6 |  996.5 |
       Dungeon |   5979 |   5661 |    318 |    301 |   4383 |   6 |  996.5 |
               +--------+--------+--------+--------+--------+-----+--------+

Top non-repeatable levels by time:
     D:4: 1306 daAuts
     D:3: 1239 daAuts
     D:5: 993 daAuts
     D:2: 898 daAuts
     D:1: 871 daAuts
     D:6: 670 daAuts
